 Dungeon Crawl Stone Soup version 0.28.0-43-g3370ac3207 (webtiles) character file.

Game seed: 17044335821969606798

749 crimpus the Magician (level 8, -4/58 HPs)
             Began as a Djinni Cinder Acolyte on Mar 27, 2022.
             Was a High Priest of Ignis.
             Killed from afar by Dowan (13 damage)
             ... with a shard of ice
             ... on level 4 of the Dungeon.
             The game lasted 00:09:41 (7287 turns).

crimpus the Magician (Djinni Cinder Acolyte)        Turns: 7287, Time: 00:09:41

Health: -4/58      AC:  2    Str: 11 (13) XL:     8   Next: 6%
Gold:   78         EV: 12    Int: 13 (16) God:    Ignis [*****.] SH:  0 Dex: 10 (11)

rFire   + + +      SeeInvis .     - Unarmed
rCold   . . .      Faith    .   (no shield)
rNeg    . . .      Spirit   .   a - +0 robe
rPois   ∞          Reflect  .   (no helmet)
rElec   .          Harm     .   (no cloak)
rCorr   .          Rampage  .   (no gloves)
Will    .....                   (boots unavailable)
Stlth   ++........              (no amulet)
HPRegen 0.19/turn               j - ring of protection from cold
MPRegen 0.00/turn               (no ring)

@: mighty, on berserk cooldown, flying, slowed, invisible, very slow
A: sickness immunity, fire resistance 2, cold vulnerability 1, float, innate
caster, HP casting, extra vitality 1
a: Renounce Religion, Fiery Armour, Foxfire Swarm, Rising Flame


You were on level 4 of the Dungeon.
You worshipped Ignis.
Ignis was extremely pleased with you.
You visited 1 branch of the dungeon, and saw 4 of its levels.

You collected 78 gold pieces.

Inventory:

Missiles
 p - 10 stones
Armour
 a - a +0 robe (worn)
Jewellery
 d - a ring of ice
 j - a ring of protection from cold (left hand)
 n - a ring of positive energy
Scrolls
 b - a scroll of fear {unknown}
 c - 2 scrolls of enchant weapon {unknown}
 e - a scroll of enchant armour {unknown}
 f - a scroll of immolation {unknown}
 k - a scroll of fog {unknown}
 l - a scroll of identify {unknown}
 o - a scroll of noise {unknown}
 r - 2 scrolls of teleportation {unknown}
Potions
 g - a potion of berserk rage
 i - a potion of might


   Skills:
 * Level 4.0 Fighting
 * Level 2.7 Dodging
 * Level 1.9 Stealth
 + Level 3.9 Unarmed Combat
 * Level 5.5 Spellcasting


You had 11 spell levels left.
You knew the following spells:

 Your Spells              Type           Power      Damage    Failure   Level
a - Scorch                Fire           34%        2d6       2%          2
b - Sandblast             Erth           34%        2d9       1%          1
c - Poisonous Vapours     Pois/Air       34%        N/A       2%          2
d - Call Imp              Summ           17%        N/A       2%          2
Your spell library was empty.

Dungeon Overview and Level Annotations

Branches:
Dungeon (4/15)
 Temple: D:4-7

Altars:
Beogh

Annotations:
D:4 Dowan


Innate Abilities, Weirdness & Mutations

You are immune to sickness and miasma.
You are immune to poison.
Your flesh is very heat resistant. (rF++)
You are vulnerable to cold. (rC-)
You float through the air rather than walking.
You learn spells naturally, not from books.
Your magical power is your life essence.
You have superior vitality. (+4 MHP)


Message History

Casting: Poisonous Vapours (safe; 2% risk of failure)
Confirm with . or Enter, or press ? or * to list all spells.
Aiming: Poisonous Vapours (safe; 2% risk of failure)
Press: ? - help, Dir - move target, f - Dowan
Aim: Dowan, wielding a +0 dagger and wearing a +0 robe (lightly wounded, fast) Poisonous vapours surround Dowan!
Dowan is poisoned.
Dowan misses you. Dowan hits you with a +0 dagger.
Casting: Poisonous Vapours (safe; 2% risk of failure)
Confirm with . or Enter, or press ? or * to list all spells.
Aiming: Poisonous Vapours (safe; 2% risk of failure)
Press: ? - help, Dir - move target, f/p - Dowan
Aim: Dowan, wielding a +0 dagger and wearing a +0 robe (lightly wounded, fast, poisoned) Poisonous vapours surround Dowan!
Dowan looks even sicker.
Dowan hits you with a +0 dagger. Dowan hits you with a +0 dagger!
* * * LOW HITPOINT WARNING * * *
Casting: Poisonous Vapours (safe; 2% risk of failure)
Confirm with . or Enter, or press ? or * to list all spells.
Aiming: Poisonous Vapours (safe; 2% risk of failure)
Press: ? - help, Dir - move target, f/p - Dowan
Aim: Dowan, wielding a +0 dagger and wearing a +0 robe (lightly wounded, fast, very poisoned) Poisonous vapours surround Dowan!
Dowan looks even sicker.
* * * LOW HITPOINT WARNING * * *
Dowan completely misses you. Dowan hits you with a +0 dagger.
* * * LOW HITPOINT WARNING * * *
Dowan casts a spell at something.
Dowan says, "Her death will not be in vain!"
Dowan misses you.
Casting: Poisonous Vapours (safe; 2% risk of failure)
Confirm with . or Enter, or press ? or * to list all spells.
Aiming: Poisonous Vapours (safe; 2% risk of failure)
Press: ? - help, Dir - move target, f/p - Dowan
Aim: Dowan, wielding a +0 dagger and wearing a +0 robe (severely wounded, fast, very poisoned) Poisonous vapours surround Dowan!
Dowan looks even sicker.
* * * LOW HITPOINT WARNING * * *
Dowan gestures wildly while chanting.
Dowan blinks!
Dowan barely misses you.
Dowan says, "Her death will not be in vain!"
Dowan casts a spell at you. The shard of ice hits you!
You die...

#$........#
#...w.....#
#.....e...#
#.....n... #.(....e.
# #.....# ...#
#n...<# #..PPP.
#....######## #..P...
#.... #.@.e.# #....P.
#.... #.###.# #.P.P.≈
#....##.###.# #.PP.≈≈
#.....#...#.# #.P.≈≈≈
#####e###.#.#
#####..≈≈≈≈ #.# #e#.#
#......≈≈≈≈
#.###.#.###.####..≈≈≈
#e..§.#............≈≈
###############.P....


You could see Dowan (fast, very poisoned).

Vanquished Creatures
  Sigmund (D:4)
  Duvessa (D:4)
  2 black bears
  A phantom (D:3)
  Natasha (thrice) (D:2)
  4 gnolls
  6 adders
  A worm (D:3)
  2 dart slugs
  4 orcs
  9 bats
  3 endoplasms
  5 goblins
  6 hobgoblins
  4 kobolds
  3 quokkas
  6 ball pythons
  4 frilled lizards
  6 rats
71 creatures vanquished.

Notes
Turn   | Place    | Note
-------+----------+-------------------------------------------
     0 | D:1      | crimpus the Djinni Cinder Acolyte began the quest for the
                  | Orb.
     0 | D:1      | Reached XP level 1. HP: 20/20 MP: 0/0
   220 | D:1      | Reached XP level 2. HP: 17/25 MP: 0/0
   603 | D:1      | Reached skill level 1 in Dodging
  1148 | D:1      | Reached XP level 3. HP: 22/30 MP: 0/0
  1148 | D:1      | Learned a level 1 spell: Sandblast
  1411 | D:2      | Noticed Natasha
  1413 | D:2      | Killed Natasha
  1458 | D:2      | Noticed Natasha
  1461 | D:2      | Killed Natasha
  1462 | D:2      | Reached skill level 3 in Spellcasting
  1462 | D:2      | Reached XP level 4. HP: 30/35 MP: 0/0
  1846 | D:2      | Reached XP level 5. HP: 33/40 MP: 0/0
  1846 | D:2      | Learned a level 2 spell: Poisonous Vapours
  2798 | D:2      | Noticed Natasha
  3009 | D:2      | Killed Natasha
  3010 | D:2      | Reached skill level 1 in Stealth
  3169 | D:2      | Found a faded altar of an unknown god.
  4336 | D:3      | Reached XP level 6. HP: 17/46 MP: 0/0
  4948 | D:3      | Noticed a black bear
  4959 | D:3      | Killed a black bear
  4960 | D:3      | Reached skill level 4 in Spellcasting
  5363 | D:4      | Noticed Duvessa
  5363 | D:4      | Noticed Dowan
  5363 | D:4      | Noticed a necrophage
  5371 | D:3      | Reached XP level 7. HP: 21/51 MP: 0/0
  5371 | D:3      | Learned a level 2 spell: Call Imp
  5960 | D:4      | Noticed Sigmund
  6849 | D:4      | Killed Sigmund
  6850 | D:4      | Reached skill level 5 in Spellcasting
  7264 | D:4      | Killed Duvessa
  7265 | D:4      | Reached XP level 8. HP: 5/58 MP: 0/0
  7279 | D:4      | Gained mutation: You are clumsy. (Dex -2) [potion of
                  | mutation]
  7279 | D:4      | Lost mutation: You are clumsy. (Dex -2) [potion of
                  | mutation]
  7287 | D:4      | Killed from afar by Dowan

Illustrated notes

Levels and vault maps discovered:
D:1:      mrwooster_arrival_statue_2, layout_basic,
          hangedman_decor_clover_reticule
D:2:      layout_basic, hellmonk_ecumenical_altar_defaced_shrine,
          kennysheep_path_1, kennysheep_pointless_box, uniq_natasha
D:3:      layout_loops_corners, kennysheep_generic_room_9
D:4:      layout_basic, minmay_temple_entry_hall, guppyfry_early_lair_pool,
          uniq_ijyb, uniq_duvessa, uniq_sigmund

Skill      XL: |  1  2  3  4  5  6  7 |
---------------+----------------------+-----
Dodging        | 1 2 |  2.7
Spellcasting   | 3 4 5 |  5.5
Stealth        | 1 |  1.9
Fighting       | 4 |  4.0
Unarmed Combat | |  3.9

Action                   |  1- 3 |  4- 6 |  7- 9 || total
-------------------------+-------+-------+-------++-------
Melee: Unarmed           |    35 |     5 |     2 ||    42
       Punch             |     2 |       |       ||     2
 Cast: Scorch            |    13 |    36 |    11 ||    60
       Poisonous Vapours |       |    86 |    36 ||   122
  Use: Potion            |       |       |     6 ||     6
Armor: Robe              |    13 |    12 |     3 ||    28
Dodge: Dodged            |    17 |    34 |    28 ||    79
